 Dungeon Crawl Stone Soup version 0.29-a0-214-g17f627cfee (webtiles) character file.

Game seed: 7702957539318373904

184 spaghetti the Skirmisher (level 5, -7/43 HPs)
             Began as a Demonspawn Fighter on Feb 25, 2022.
             Was a Believer of Lugonu.
             Mangled by a hornet zombie (9 damage)
             ... on level 4 of the Dungeon.
             The game lasted 00:06:10 (4713 turns).

spaghetti the Skirmisher (Demonspawn Fighter)       Turns: 4713, Time: 00:06:11

Health: -7/43      AC: 11    Str: 14 (16) XL:     5   Next: 36%
Magic:  5/5        EV:  8    Int:  8 (11) God:    Lugonu [**....]
Gold:   251        SH:  4    Dex: 12 (13) Spells: 4/4 levels left

rFire   + . .      SeeInvis .   s - +0 war axe {axe}
rCold   . . .      Faith    .   c - +0 buckler
rNeg    . . .      Spirit   .   b - +0 scale mail
rPois   .          Reflect  .   (no helmet)
rElec   .          Harm     .   B - +0 cloak
rCorr   .          Rampage  .   (no gloves)
Will    .....                   (no boots)
Stlth   ..........              (no amulet)
HPRegen 0.14/turn               (no ring)
MPRegen 0.09/turn               (no ring)

@: no status effects
A: molten scales 3
a: Renounce Religion, Depart the Abyss, Bend Space


You were on level 4 of the Dungeon.
You worshipped Lugonu.
Lugonu was pleased with you.
You visited 1 branch of the dungeon, and saw 5 of its levels.

You collected 251 gold pieces.


Innate Abilities, Weirdness & Mutations

You are completely covered in molten scales. (AC +4, rF+)


   Skills:
 + Level 4.4 Fighting
 - Level 1.7 Polearms
 - Level 2.6 Armour
 - Level 2.6 Shields
 - Level 3.5 Unarmed Combat


You had 4 spell levels left.
You didn't know any spells.
Your spell library contained the following spells:

 Spells                   Type           Power      Damage    Failure   Level
 Blade Hands              Tmut           0%         N/A       100%        5
 Irradiate                Conj/Tmut      0%         3d13      100%        5
 Dragon Form              Tmut           0%         N/A       100%        7

Inventory:

Hand Weapons
 a - a +0 trident {polearm}
 h - a +0 short sword {short}
   (You took it off a kobold on level 1 of the Dungeon)
 j - a +2 dagger of venom {short}
   (You took it off a kobold on level 3 of the Dungeon)
 k - a +0 dagger {short}
   (You found it on level 1 of the Dungeon)
 l - a +0 club {mace}
   (You took it off a kobold on level 1 of the Dungeon)
 n - a +0 mace {mace}
   (You found it on level 1 of the Dungeon)
 o - a +0 hand axe {axe}
   (You found it on level 1 of the Dungeon)
 q - a +0 dagger {short}
   (You took it off a kobold on level 1 of the Dungeon)
 s - a +0 war axe (weapon) {axe}
   (You found it on level 2 of the Dungeon)
 u - a +0 whip {mace}
   (You took it off a kobold on level 2 of the Dungeon)
 y - a +0 spear {polearm}
   (You found it on level 2 of the Dungeon)
Missiles
 i - 58 stones (quivered) {throwing}
 r - 3 boomerangs {throwing}
 v - 6 javelins {throwing}
 C - 3 poisoned darts {throwing}
Armour
 b - a +0 scale mail (worn)
 c - a +0 buckler (worn)
 B - a +0 cloak (worn)
   (You found it on level 3 of the Dungeon)
Jewellery
 A - a ring of fire
   (You found it on level 3 of the Dungeon)
Scrolls
 e - 2 scrolls of identify {@r1}
 f - a scroll of fog
Potions
 g - a potion of flight

Dungeon Overview and Level Annotations

Branches:
Dungeon (5/15)
 Temple: D:4-7

Altars:
Lugonu

#.#.######### #.#. #.#.#
#### #.#.
#######.#.######... .....
..............[.... .....
#######.#####.##... ......
#.....# #.##...
.!....#######.#.#.# #......
...........##...#+###......
.#+#....Z@.........#....##
#......$.{........#....##
###......................
#.................###..
#......................
#.................#.#..
#.................#.###
#.................#.###
...............).......


You could see a hornet zombie.


Message History

The orc wizard hits you but does no damage.
You bump into the rock wall.
You feel less confused. The orc completely misses you.
The orc wizard casts a spell at you. The puff of flame hits you.
You resist. 😕 HP[-2]
You take 2 damage, and now have 35/42 hp.
You closely miss the orc. The orc barely misses you.
The orc wizard hits you with a +0 dagger.
You hit the orc.
The orc is poisoned.
The orc barely misses you. You block the orc wizard's attack.
The orc wizard gestures wildly while chanting.
The orc wizard flickers and vanishes!
Deactivating autopickup; reactivate with Ctrl-A.
You barely miss the orc. The orc hits you but does no damage.
The orc wizard hits you but does no damage.
The orc barely misses you.
You closely miss the orc wizard. The orc wizard casts a spell at you.
You are confused.
The orc completely misses you.
You bump into the rock wall.
The orc wizard gestures at you while chanting.
The puff of flame hits you. You resist.
The orc hits you but does no damage. 😮 HP[-6]
You take 6 damage, and now have 29/42 hp.
You miss the orc wizard.
You kill the orc!
Lugonu accepts your kill.
Unknown command.
Unknown command.
Unknown command.
The orc wizard hits you but does no damage.
Items here: ( )) †.
You hit the orc wizard but do no damage.
The orc wizard is poisoned.
The orc wizard hits you but does no damage.
Something hits you but does no damage. 😮 HP[+1]
The orc wizard points at you and mumbles some strange words.
The magic dart hits you! Something hits you.
* * * LOW HITPOINT WARNING * * *
😨 HP[-13]
You take 13 damage, and now have 17/42 hp.
MASSIVE DAMAGE!! (PAUSE)
Okay, then.
You are too confused!
Okay, then.
You feel less confused.
The orc wizard casts a spell.
The orc wizard flickers and vanishes!
Something hits you.
* * * LOW HITPOINT WARNING * * *
Something hits you but does no damage. 😨 HP[-2]
You take 2 damage, and now have 15/42 hp.
You feel very mighty all of a sudden. Something hits you.
* * * LOW HITPOINT WARNING * * *
Something hits you.
* * * LOW HITPOINT WARNING * * *
😱 HP[-5]
You take 5 damage, and now have 10/42 hp.
You miss something.
Something hits you but does no damage. x2 😨 HP[+1]
You hit something. Something completely misses you. Something hits you!
* * * LOW HITPOINT WARNING * * *
😱 HP[-7]
You take 7 damage, and now have 4/42 hp.
You miss something. Lugonu accepts your kill.
Reactivating autopickup.
You feel a bit more experienced. Something hits you.
* * * LOW HITPOINT WARNING * * *
Deactivating autopickup; reactivate with Ctrl-A. 😱 HP[-3]
You now have 43 max hp (+1).
You take 3 damage, and now have 1/43 hp.
Really read
p - a scroll of blinking {!r}?
Blink to where?
Press: ? - help, Dir - move target
As you read the scroll of blinking {!r}, it crumbles to dust. 😱 HP[+1]
Okay, then.
Okay, then.
You aren't carrying any items that you can evoke.
Okay, then.
Okay, then.
Your +2 dagger of venom {short} stops dripping with poison.
s - a +0 war axe (weapon)
{axe} You are confused.
Unknown command.
You are too confused!
Your magical effects are unravelling.
You feel magically purged.
You feel less confused.
You feel a little less mighty now.
You hit the hornet zombie. You closely miss something.
The hornet zombie hits you!
You die...

Skill      XL: |  1  2  3  4  5 |
---------------+----------------+-----
Unarmed Combat | 1 2 3 |  3.5
Fighting       | 4 |  4.4
Polearms       | |  1.7
Armour         | |  2.6
Shields        | |  2.6

Action                   |  1- 3 |  4- 6 || total
-------------------------+-------+-------++-------
Melee: Unarmed           |   205 |    44 ||   249
       Dagger            |       |    86 ||    86
       War axe           |       |     1 ||     1
  Use: Scroll            |       |    10 ||    10
       Potion            |       |     6 ||     6
Armor: Scale mail        |    83 |    75 ||   158
Dodge: Dodged            |    81 |    56 ||   137
Block: Buckler           |    38 |    26 ||    64

Levels and vault maps discovered:
D:1:      dpeg_arrival_concentric_ovals, layout_basic, serial_aquarium,
          aquarium_bridge_square [aquarium_subvault_bridge,
          aquarium_subvault_wall, aquarium_subvault_wall,
          aquarium_subvault_window], aquarium_window_2, aquarium_window_fake,
          aquarium_window_fake, aquarium_view_2a, aquarium_view_2d
D:2:      layout_basic, chequers_ecumenical_altar_simple_redux,
          minmay_misc_feat_secret_circle
D:3:      layout_rooms, feat_on_display
D:4:      layout_basic, beargit_hepliaklqana_dungeon_heroes
D:5:      minmay_evil_eye, layout_loops_ring, dancing_weapons_uskayaw,
          minmay_temple_entry_junction_2, kennysheep_small_spiral, uniq_sigmund

Notes
Turn   | Place    | Note
-------+----------+-------------------------------------------
     0 | D:1      | spaghetti the Demonspawn Fighter began the quest for the
                  | Orb.
     0 | D:1      | Reached XP level 1. HP: 18/18 MP: 1/1
     0 | D:1      | magus.rc [v1.9.6]
    30 | D:1      | You pick up a book of Transfigurations {@e2} and begin
                  | reading...
    30 | D:1      | You add the spells Irradiate, Blade Hands and Dragon Form
                  | to your library.
   117 | D:1      | Reached skill level 1 in Unarmed Combat
   522 | D:1      | Gained mutation: You are partially covered in molten
                  | scales. (AC +2) [demonic ancestry]
   522 | D:1      | Reached XP level 2. HP: 21/24 MP: 2/2
  1264 | D:2      | Reached skill level 2 in Unarmed Combat
  1509 | D:2      | Gained mutation: You are mostly covered in molten scales.
                  | (AC +3) [demonic ancestry]
  1509 | D:2      | Reached XP level 3. HP: 10/29 MP: 3/3
  2314 | D:2      | Reached skill level 3 in Unarmed Combat
  2483 | D:2      | Found a faded altar of an unknown god.
  2518 | D:2      | Prayed at the altar of an unknown god.
  2518 | D:2      | Became a worshipper of Lugonu the Unformed
  2518 | D:2      | Reached * piety under Lugonu
  2518 | D:2      | Reached ** piety under Lugonu
  2685 | D:2      | Gained mutation: You are completely covered in molten
                  | scales. (AC +4, rF+) [demonic ancestry]
  2685 | D:2      | Reached XP level 4. HP: 30/35 MP: 4/4
  3848 | D:3      | Reached XP level 5. HP: 37/42 MP: 5/5
  3849 | D:3      | Reached skill level 4 in Fighting
  4284 | D:4      | HP: 10/42 [hornet zombie (9)]
  4284 | D:4      | HP: 1/42 [hornet zombie (9)]
  4340 | D:5      | Entered Level 5 of the Dungeon
  4699 | D:4      | HP: 10/42 [something (4)]
  4701 | D:4      | HP: 4/42 [something (7)]
  4702 | D:4      | HP: 1/42 [something (3)]
  4713 | D:4      | Mangled by a hornet zombie

Vanquished Creatures
  2 orc wizards
  6 adders
  An ufetubus (D:3)
  3 worms
  A dart slug (D:3)
  8 orcs
  7 ball pythons
  5 endoplasms
  A giant cockroach (D:3)
  4 hobgoblins
  A quokka (D:1)
  6 bats
  5 frilled lizards
  6 kobolds
  5 rats
61 creatures vanquished.

Table legend:
 A = Non-vault XP
 B = Vault XP
 C = Vault XP percentage of total XP
 D = Non-vault monster count
 E = Vault monster count
 F = Vault count percentage of total count
                 A         B        C        D         E       F
            +---------+---------+-------+---------+---------+-------
      Total |     264 |       0 |   0.0 |      61 |       0 |   0.0
            +---------+---------+-------+---------+---------+-------
        D:1 |      21 |       0 |   0.0 |      14 |       0 |   0.0
        D:2 |      80 |       0 |   0.0 |      19 |       0 |   0.0
        D:3 |     101 |       0 |   0.0 |      21 |       0 |   0.0
        D:4 |      62 |       0 |   0.0 |       7 |       0 |   0.0
            +---------+---------+-------+---------+---------+-------

Illustrated notes

Table legend:
 A = Kills in this place as a percentage of kills in entire the game.
 B = Kills by you in this place as a percentage of kills by you in the entire game.
 C = Kills by friends in this place as a percentage of kills by friends in the entire game.
 D = Other kills in this place as a percentage of other kills in the entire game.
 E = Experience gained in this place as a percentage of experience gained in the entire game.
 F = Experience gained in this place divided by the number of levels of this place that you have seen.
                   A       B       C       D       E      F
               +-------+-------+-------+-------+-------+----------------------
         Total | 100.0 | 100.0 |   N/A |   N/A | 100.0 |  52.8
       Dungeon | 100.0 | 100.0 |   N/A |   N/A | 100.0 |  52.8
               +-------+-------+-------+-------+-------+----------------------

Table legend: (Time is in decaauts)
 A = Elapsed time spent in this place.
 B = Non-inter-level travel time spent in this place.
 C = Inter-level travel time spent in this place.
 D = Time resting spent in this place.
 E = Time spent auto-exploring this place.
 F = Levels seen in this place.
 G = Mean time per level.
                   A        B        C        D        E       F      G
               +--------+--------+--------+--------+--------+-----+--------+
         Total |   4696 |   4638 |     58 |   1500 |   2468 |   5 |  939.2 |
       Dungeon |   4696 |   4638 |     58 |   1500 |   2468 |   5 |  939.2 |
               +--------+--------+--------+--------+--------+-----+--------+

Top non-repeatable levels by time:
     D:2: 2089 daAuts
     D:1: 1144 daAuts
     D:3: 739 daAuts
     D:4: 432 daAuts
     D:5: 290 daAuts
